[Event "ITA-ch Women 2019"]
[Site "Padova"]
[Date "2019.12.05"]
[Round "7"]
[White "De Rosa, Mariagrazia"]
[Black "Raccanello, Marianna"]
[Result "0-1"]
[ECO "B44"]
[WhiteElo "2090"]
[BlackElo "2049"]
[Annotator "NA"]
[PlyCount "69"]
[EventDate "2019.11.28"]
[EventType "tourn"]
[EventCountry "ITA"]
[SourceTitle "playchess.com"]
[Source "ChessBase"]
[SourceQuality "1"]
[TimeControl "40/6600+30:20/3000+30:900+30"]

1. e4 c5 2. Nf3 e6 3. d4 cxd4 4. Nxd4 Nc6 5. Nb5 d6 6. Bf4 e5 7. Be3 Nf6 8. Bg5 a6 9. N5c3 Be7 10. Bxf6 Bxf6 11. Nd5 Bg5 12. a4 Be6 13. Nbc3 O-O 14. Bc4 Rc8 15. Ba2 Nd4 16. O-O f5 17. exf5 Nxf5 18. Ne4 Bh6 19. c3 Qe8 20. Kh1 Kh8 21. g3 Qg6 22. Qe2 Bd7 23. a5 Bb5 24. c4 Bc6 25. Rad1 Rce8 26. f3 Nd4 27. Qd3 Bd7 28. Bb1 Bf5 29. g4 Bxe4 30. Qxe4 Qxe4 31. Bxe4 Rc8 32. Nb6 Rc7 33. h4 Bf4 34. Kg2 g6 35. b4 0-1

[Event "ITA-ch Women 2019"]
[Site "Padova"]
[Date "2019.12.05"]
[Round "7"]
[White "Palma, Maria"]
[Black "Santeramo, Alessia"]
[Result "0-1"]
[ECO "A13"]
[WhiteElo "1957"]
[BlackElo "2138"]
[Annotator "NA"]
[PlyCount "74"]
[EventDate "2019.11.28"]
[EventType "tourn"]
[EventCountry "ITA"]
[SourceTitle "playchess.com"]
[Source "ChessBase"]
[SourceQuality "1"]
[TimeControl "40/6600+30:20/3000+30:900+30"]

1. Nf3 Nf6 2. c4 e6 3. g3 d5 4. Bg2 dxc4 5. Qa4+ c6 $11 6. Qxc4 b5 7. Qb3 Bb7 8. O-O Nbd7 9. d4 Qb6 10. Nc3 a6 11. e4 c5 12. d5 c4 13. Qc2 Bc5 14. dxe6 Qxe6 15. Nd5 Qc6 16. Nxf6+ Qxf6 17. e5 Qg6 18. Qe2 O-O 19. Nh4 Qb6 20. Bxb7 Qxb7 21. Nf5 Qb6 22. Nxg7 Nxe5 23. Nh5 Rae8 24. Bg5 f5 25. Kg2 Qc6+ 26. f3 Qg6 27. Nf6+ Rxf6 28. Bxf6 Qxf6 29. Rfe1 Re7 30. Qd2 Nd3 31. Rxe7 Qxe7 32. a3 f4 33. Rb1 Qe3 34. Rd1 Bd4 35. gxf4 Nxf4+ 36. Kg3 Ne2+ 37. Kg2 Qf2+ 0-1

[Event "ITA-ch Women 2019"]
[Site "Padova"]
[Date "2019.12.05"]
[Round "8"]
[White "Gueci, Tea"]
[Black "Santeramo, Alessia"]
[Result "1/2-1/2"]
[ECO "C64"]
[WhiteElo "2268"]
[BlackElo "2138"]
[Annotator "NA"]
[PlyCount "125"]
[EventDate "2019.11.28"]
[EventType "tourn"]
[EventCountry "ITA"]
[SourceTitle "playchess.com"]
[Source "ChessBase"]
[SourceQuality "1"]
[TimeControl "40/6600+30:20/3000+30:900+30"]

1. e4 e5 2. Nf3 Nc6 3. Bb5 Bc5 4. c3 Nf6 5. Qe2 d6 6. h3 O-O 7. O-O Bb6 8. d3 Ne7 9. Rd1 c6 10. Ba4 Ng6 11. Be3 Bxe3 12. fxe3 d5 13. exd5 cxd5 14. Nbd2 Qb6 15. Nf1 Bd7 16. Bxd7 Nxd7 17. c4 dxc4 18. dxc4 Nc5 19. Kh1 e4 20. Nd4 Ne5 21. Ng3 g6 22. Nb5 Rad8 23. Rd4 f5 24. Nc3 Ncd3 25. Nd5 Qxb2 26. Qxb2 Nxb2 27. Rb1 Nexc4 28. Ne2 g5 29. Ne7+ Kf7 30. Nxf5 Rxd4 31. Nexd4 b6 32. Rf1 Rd8 33. Ng3+ Kg6 34. Nxe4 Nxe3 35. Rf6+ Kh5 36. g4+ Nxg4 37. hxg4+ Kxg4 38. Nf2+ Kh5 39. Nf5 g4 40. Ng3+ Kg5 41. Rf7 h5 42. Rg7+ Kh6 43. Rxa7 h4 44. Nxg4+ Kg5 45. Rg7+ Kf4 46. Ne2+ Kf3 47. Ng1+ Kf4 48. Nh2 Rd1 49. Rf7+ Ke5 50. Rh7 Ra1 51. Nhf3+ Kd6 52. Rxh4 Rxa2 53. Rh6+ Kc5 54. Ne5 Nc4 55. Rc6+ Kd5 56. Rxc4 Kxe5 57. Rb4 Ra6 58. Nf3+ Kd5 59. Kg2 Kc5 60. Rb2 b5 61. Nd2 b4 62. Kf3 Re6 63. Rc2+ 1/2-1/2